3L
ECHO PARK LAKERS @ OAKLAND OAKS
07/28/2034
 
TOP OF THE 1ST
Echo Park Lakers batting - Pitching for Oakland Oaks : LHP Faisal bin Nabeel
Pitching: LHP Faisal bin Nabeel
Batting: RHB Guillermo Coss 0-0: Ball
1-0: Foul Ball, location: 2F
1-1: Ball
2-1: Ground out 5-3 (Groundball, 5)
Batting: RHB Félix Romero 0-0: Fly out, F8 (Flyball, 8LM)
Batting: RHB Gabriel Maldonado 0-0: Ball
1-0: Called Strike
1-1: SINGLE (Groundball, 56) (infield hit)
Batting: RHB Chris Harrell 0-0: Foul Ball, location: 2F
0-1: Ball
1-1: Foul Ball, location: 2F
1-2: SINGLE (Line Drive, 6)
Gabriel Maldonado to second
Batting: RHB Freddy Torres 0-0: Ball
1-0: Called Strike
1-1: Foul Ball, location: 2F
1-2: Foul Ball, location: 2F
1-2: Fly out, F9 (Line Drive, 9LM)
Top of the 1st over - 0 runs, 2 hits, 0 errors, 2 left on base; Echo Park 0 - Oakland 0
BOTTOM OF THE 1ST
Oakland Oaks batting - Pitching for Echo Park Lakers : LHP Will Hunting
Pitching: LHP Will Hunting
Batting: RHB Raúl Chávez 0-0: Called Strike
0-1: SINGLE (Line Drive, 8LS)
Batting: RHB Alfonso Nazario 0-0: Ball
Raúl Chávez is caught stealing 2nd base
1-0: SINGLE (Groundball, 6MD)
Batting: RHB Mike Wazowski 0-0: Called Strike
0-1: Foul Ball, location: 2F
0-2: Ball
1-2: Foul Ball, location: 2F
1-2: Ball
Throwing error on steal attempt, E2
Alfonso Nazario to third
2-2: Fly out, F8 (Flyball, 78XD)
Runner from 3rd tags up, SCORES, no throw
Now at 2B: Ken Gardner
Batting: RHB Yehonatan Chazan 0-0: Ball
1-0: Foul Ball, location: 2F
1-1: SINGLE (Groundball, 6MD)
Batting: RHB Joseph Papasogli 0-0: Ball
Yehonatan Chazan steals 2nd base
1-0: Ball
2-0: Ball
3-0: Base on Balls
Batting: RHB Colin O'Connell 0-0: Ball
1-0: Foul Ball, location: 2F
1-1: Fly out, F7 (Flyball, 7S)
Bottom of the 1st over - 1 run, 3 hits, 1 error, 2 left on base; Echo Park 0 - Oakland 1
TOP OF THE 2ND
Echo Park Lakers batting - Pitching for Oakland Oaks : LHP Faisal bin Nabeel
Batting: SHB Toby Sutton 0-0: Ball
1-0: Ground out U3 (Groundball, 34)
Batting: LHB Rich Watkins 0-0: Ball
1-0: Swinging Strike
1-1: Swinging Strike
1-2: Ball
2-2: Strikes out looking
Batting: SHB Rodolphe Nairn 0-0: Swinging Strike
0-1: Ball
1-1: Swinging Strike
1-2: Foul Ball, location: 2F
1-2: Ball
2-2: Foul Ball, location: 2F
2-2: Strikes out swinging
Top of the 2nd over - 0 runs, 0 hits, 0 errors, 0 left on base; Echo Park 0 - Oakland 1
BOTTOM OF THE 2ND
Oakland Oaks batting - Pitching for Echo Park Lakers : LHP Will Hunting
Batting: RHB Yosuke Hayashi 0-0: Ball
1-0: Ball
2-0: Ball
3-0: Base on Balls
Batting: SHB Luis Luquín 0-0: Ball
1-0: Ball
2-0: Swinging Strike
2-1: Fly out, F9 (Flyball, 9LSF)
Batting: RHB Juan Alcocer 0-0: Called Strike
0-1: Foul Ball, location: 2F
0-2: Ball
1-2: Ball
2-2: Foul Ball, location: 2F
2-2: Foul Ball, location: 2F
2-2: SINGLE (Groundball, 34D)
Yosuke Hayashi to second
Runner from 2nd tries for 3rd, SAFE, no throw
Batting: RHB Raúl Chávez 0-0: Ball
1-0: Ball
2-0: Called Strike
2-1: 3-RUN HOME RUN (Flyball, 89XD), Distance : 400 ft
Batting: RHB Alfonso Nazario 0-0: Called Strike
0-1: Fly out, F9 (Flyball, 9)
Batting: RHB Mike Wazowski 0-0: Called Strike
0-1: Ground out 1-3 (Groundball, 15S)
Bottom of the 2nd over - 3 runs, 2 hits, 0 errors, 0 left on base; Echo Park 0 - Oakland 4
TOP OF THE 3RD
Echo Park Lakers batting - Pitching for Oakland Oaks : LHP Faisal bin Nabeel
Batting: RHB Ken Gardner 0-0: Swinging Strike
0-1: Fly out, F6 (Line Drive, 6)
Batting: RHB Guillermo Coss 0-0: Ball
1-0: DOUBLE (Groundball, 5L)
Batting: RHB Félix Romero 0-0: Called Strike
0-1: Foul Ball, location: 2F
0-2: Foul Ball, location: 2F
0-2: Ball
1-2: Ball
2-2: SINGLE (Groundball, 6MD)
Guillermo Coss to third
Runner from 3rd tries for Home, SAFE, no throw
Batting: RHB Gabriel Maldonado 0-0: Called Strike
0-1: Ground out 5-3 (Groundball, 56S)
Félix Romero to second
Batting: RHB Chris Harrell 0-0: Foul Ball, location: 2F
0-1: Ball
1-1: Ball
2-1: 2-RUN HOME RUN (Flyball, 7LD), Distance : 364 ft
Batting: RHB Freddy Torres 0-0: Foul Ball, location: 2F
0-1: Ball
1-1: Foul Ball, location: 2F
1-2: Foul Ball, location: 2F
1-2: Strikes out looking
Top of the 3rd over - 3 runs, 3 hits, 0 errors, 0 left on base; Echo Park 3 - Oakland 4
BOTTOM OF THE 3RD
Oakland Oaks batting - Pitching for Echo Park Lakers : LHP Will Hunting
Batting: RHB Yehonatan Chazan 0-0: Ball
1-0: Ball
2-0: Ball
3-0: Base on Balls
Batting: RHB Joseph Papasogli 0-0: Ball
1-0: Ball
2-0: Swinging Strike
2-1: Grounds into double play, 1-6-3 (Groundball, 13)
Batting: RHB Colin O'Connell 0-0: Ball
1-0: Ball
2-0: Called Strike
2-1: Fly out, F4 (Popup, 4)
Bottom of the 3rd over - 0 runs, 0 hits, 0 errors, 0 left on base; Echo Park 3 - Oakland 4
TOP OF THE 4TH
Echo Park Lakers batting - Pitching for Oakland Oaks : LHP Faisal bin Nabeel
Batting: SHB Toby Sutton 0-0: Foul Ball, location: 2F
0-1: Ball
1-1: Ground out 1-3 (Groundball, 13)
Batting: LHB Rich Watkins 0-0: Called Strike
0-1: Ball
1-1: SINGLE (Line Drive, 3D)
Batting: SHB Rodolphe Nairn 0-0: Ball
1-0: SINGLE (Flyball, 89S)
Rich Watkins to second
Batting: RHB Ken Gardner 0-0: Ball
1-0: Called Strike
1-1: Called Strike
1-2: Ball
2-2: Fielders Choice at 2nd, 4-6 (Groundball, 4)
Rich Watkins to third
Batting: RHB Guillermo Coss 0-0: Called Strike
0-1: Ball
1-1: Ball
2-1: Foul Ball, location: 2F
2-2: Foul Ball, location: 2F
2-2: Ball
3-2: SINGLE (Line Drive, 89S)
Rich Watkins scores
Ken Gardner to second
Ken Gardner to third
Batting: RHB Félix Romero 0-0: Ball
1-0: Called Strike
1-1: Foul Ball, location: 2F
1-2: Strikes out swinging
Top of the 4th over - 1 run, 3 hits, 0 errors, 2 left on base; Echo Park 4 - Oakland 4
BOTTOM OF THE 4TH
Oakland Oaks batting - Pitching for Echo Park Lakers : LHP Will Hunting
Batting: RHB Yosuke Hayashi 0-0: Called Strike
0-1: Ball
1-1: Ball
2-1: Ball
3-1: Fly out, F6 (Popup, 15)
Batting: SHB Luis Luquín 0-0: Ball
1-0: Ball
2-0: Called Strike
2-1: Ground out 3-1 (Groundball, 34S)
Batting: RHB Juan Alcocer 0-0: Called Strike
0-1: Called Strike
0-2: Ground out 5-3 (Groundball, 56)
Bottom of the 4th over - 0 runs, 0 hits, 0 errors, 0 left on base; Echo Park 4 - Oakland 4
TOP OF THE 5TH
Echo Park Lakers batting - Pitching for Oakland Oaks : LHP Faisal bin Nabeel
Batting: RHB Gabriel Maldonado 0-0: Ball
1-0: Ball
2-0: Foul Ball, location: 2F
2-1: Fly out, F8 (Flyball, 8RXD)
Batting: RHB Chris Harrell 0-0: Foul Ball, location: 2F
0-1: Ball
1-1: Ball
2-1: Swinging Strike
2-2: Ball
3-2: Foul Ball, location: 2F
3-2: Fly out, F5 (Popup, 5F)
Batting: RHB Freddy Torres 0-0: Ball
1-0: Called Strike
1-1: Foul Ball, location: 2F
1-2: Foul Ball, location: 2F
1-2: Strikes out swinging
Top of the 5th over - 0 runs, 0 hits, 0 errors, 0 left on base; Echo Park 4 - Oakland 4
BOTTOM OF THE 5TH
Oakland Oaks batting - Pitching for Echo Park Lakers : LHP Will Hunting
Batting: RHB Raúl Chávez 0-0: Reached on error, E5 (Groundball, 56)
Batting: RHB Alfonso Nazario 0-0: Ball
1-0: Called Strike
Raúl Chávez steals 2nd base
1-1: Intentional Walk
Batting: RHB Mike Wazowski 0-0: Ball
1-0: Swinging Strike
1-1: Ball
2-1: SINGLE (Flyball, 7LS)
Raúl Chávez to third
Alfonso Nazario to second
Runner from 3rd tries for Home, SAFE, no throw
Batting: RHB Yehonatan Chazan 0-0: Ball
1-0: Ball
2-0: Ball
3-0: Called Strike
3-1: Foul Ball, location: 2F
3-2: Foul Ball, location: 2F
3-2: Strikes out swinging
Batting: RHB Joseph Papasogli 0-0: Ball
1-0: Ball
2-0: Called Strike
2-1: Ball
3-1: Base on Balls
Alfonso Nazario to third
Mike Wazowski to second
Batting: RHB Colin O'Connell 0-0: Ball
1-0: Ball
2-0: SINGLE (Groundball, 6MD)
Alfonso Nazario scores
Mike Wazowski to third
Joseph Papasogli to second
Runner from 3rd tries for Home, SAFE, no throw
Pitching: RHP Júlio Rodríguez
Batting: RHB Yosuke Hayashi 0-0: Ball
Joseph Papasogli steals 3rd base
1-0: Called Strike
1-1: SINGLE (Groundball, 34D)
Joseph Papasogli scores
Colin O'Connell to second
Runner from 2nd tries for 3rd, SAFE, no throw
Batting: SHB Luis Luquín 0-0: Ball
1-0: Swinging Strike
1-1: Called Strike
1-2: DOUBLE (Flyball, 89XD)
Colin O'Connell scores
Yosuke Hayashi to third
Batting: RHB Juan Alcocer 0-0: Ball
1-0: Ball
2-0: Called Strike
2-1: Called Strike
2-2: Ground out 6-3 (Groundball, 6S)
Batting: RHB Raúl Chávez 0-0: Called Strike
0-1: Ball
1-1: Fly out, F7 (Flyball, 78S)
Bottom of the 5th over - 5 runs, 4 hits, 1 error, 2 left on base; Echo Park 4 - Oakland 9
TOP OF THE 6TH
Echo Park Lakers batting - Pitching for Oakland Oaks : LHP Faisal bin Nabeel
Batting: SHB Toby Sutton 0-0: Ball
1-0: Ball
2-0: Ball
3-0: Base on Balls
Pitching: RHP Brian Walker
Batting: LHB Rich Watkins 0-0: Called Strike
0-1: Called Strike
0-2: Ball
1-2: Ball
2-2: Foul Ball, location: 2F
2-2: SINGLE (Groundball, 6MD)
Toby Sutton to second
Toby Sutton to third
Batting: SHB Rodolphe Nairn 0-0: Grounds into double play, 4-6-3 (Groundball, 4)
Toby Sutton scores
Batting: RHB Ken Gardner 0-0: Ball
1-0: Ground out 5-3 (Groundball, 5)
Top of the 6th over - 1 run, 1 hit, 0 errors, 0 left on base; Echo Park 5 - Oakland 9
BOTTOM OF THE 6TH
Oakland Oaks batting - Pitching for Echo Park Lakers : RHP Júlio Rodríguez
Now in LF: Xavier Pérez
Batting: RHB Alfonso Nazario 0-0: Foul Ball, location: 2F
0-1: Ground out 6-3 (Groundball, 6)
Batting: RHB Mike Wazowski 0-0: Fly out, F8 (Flyball, 8LXD)
Batting: RHB Yehonatan Chazan 0-0: Ball
1-0: Swinging Strike
1-1: Ball
2-1: Ball
3-1: Called Strike
3-2: Foul Ball, location: 2F
3-2: Base on Balls
Batting: RHB Joseph Papasogli 0-0: Ball
1-0: Ground out 5-3 (Groundball, 56S)
Bottom of the 6th over - 0 runs, 0 hits, 0 errors, 1 left on base; Echo Park 5 - Oakland 9
TOP OF THE 7TH
Echo Park Lakers batting - Pitching for Oakland Oaks : RHP Brian Walker
Batting: RHB Guillermo Coss 0-0: Fly out, F7 (Flyball, 7LM)
Batting: RHB Félix Romero 0-0: Called Strike
0-1: Swinging Strike
0-2: Strikes out looking
Batting: RHB Gabriel Maldonado 0-0: Fly out, F5 (Line Drive, 56)
Top of the 7th over - 0 runs, 0 hits, 0 errors, 0 left on base; Echo Park 5 - Oakland 9
BOTTOM OF THE 7TH
Oakland Oaks batting - Pitching for Echo Park Lakers : RHP Júlio Rodríguez
Batting: RHB Colin O'Connell 0-0: Called Strike
0-1: Ball
1-1: Foul Ball, location: 2F
1-2: Foul Ball, location: 2F
1-2: Fly out, F3 (Popup, 3S)
Batting: RHB Yosuke Hayashi 0-0: Ball
1-0: Foul Ball, location: 2F
1-1: Ball
2-1: Fly out, F5 (Line Drive, 56)
Batting: SHB Luis Luquín 0-0: Swinging Strike
0-1: Foul Ball, location: 2F
0-2: Foul Ball, location: 2F
0-2: Ground out U3 (Groundball, 3)
Bottom of the 7th over - 0 runs, 0 hits, 0 errors, 0 left on base; Echo Park 5 - Oakland 9
TOP OF THE 8TH
Echo Park Lakers batting - Pitching for Oakland Oaks : RHP Brian Walker
Batting: RHB Xavier Pérez 0-0: Called Strike
0-1: Ball
1-1: Swinging Strike
1-2: Ball
2-2: Strikes out swinging
Batting: RHB Freddy Torres 0-0: Swinging Strike
0-1: Swinging Strike
0-2: Strikes out swinging
Batting: SHB Toby Sutton 0-0: Ball
1-0: Ball
2-0: Called Strike
2-1: SINGLE (Groundball, 4MD)
Batting: LHB Rich Watkins 0-0: Swinging Strike
0-1: Foul Ball, location: 2F
0-2: Foul Ball, location: 2F
0-2: Foul Ball, location: 2F
0-2: Ball
1-2: Ball
2-2: Ground out 1-3 (Groundball, 13)
Top of the 8th over - 0 runs, 1 hit, 0 errors, 1 left on base; Echo Park 5 - Oakland 9
BOTTOM OF THE 8TH
Oakland Oaks batting - Pitching for Echo Park Lakers : RHP Júlio Rodríguez
Batting: RHB Juan Alcocer 0-0: Ball
1-0: Ground out 6-3 (Groundball, 56)
Batting: RHB Raúl Chávez 0-0: Foul Ball, location: 2F
0-1: Ball
1-1: Fly out, F8 (Flyball, 89D)
Batting: RHB Alfonso Nazario 0-0: SINGLE (Flyball, 89S)
Batting: RHB Mike Wazowski 0-0: Called Strike
0-1: 2-RUN HOME RUN (Flyball, 7D), Distance : 399 ft
Batting: RHB Yehonatan Chazan 0-0: Ball
1-0: Ball
2-0: Ball
3-0: Called Strike
3-1: Ground out 6-3 (Groundball, 6S)
Bottom of the 8th over - 2 runs, 2 hits, 0 errors, 0 left on base; Echo Park 5 - Oakland 11
TOP OF THE 9TH
Echo Park Lakers batting - Pitching for Oakland Oaks : RHP Brian Walker
Batting: SHB Rodolphe Nairn 0-0: Ground out 3-1 (Groundball, 34)
Batting: RHB Ken Gardner 0-0: Ball
1-0: Ball
2-0: Foul Ball, location: 2F
2-1: Foul Ball, location: 2F
2-2: Foul Ball, location: 2F
2-2: Ground out 6-3 (Groundball, 6)
Batting: RHB Guillermo Coss 0-0: Foul Ball, location: 2F
0-1: Called Strike
0-2: Fly out, F3 (Popup, 34S)
Top of the 9th over - 0 runs, 0 hits, 0 errors, 0 left on base; Echo Park 5 - Oakland 11
Friday, March 29th, 2019 - OOTP Baseball 18.8 Build 76